 Dungeon Crawl Stone Soup version 0.17.0-15-g6d90897 (webtiles) character file.

71843 septik the Arsonist (level 14, -5/90 HPs)
             Began as a Deep Elf Fire Elementalist on Nov 10, 2015.
             Was a High Priest of Vehumet.
             Slain by Snorg (11 damage)
             ... on level 1 of the Orcish Mines.
             The game lasted 02:58:25 (33616 turns).

septik the Arsonist (Deep Elf Fire Elementalist)   Turns: 33616, Time: 02:58:25

Health: -5/90      AC: 17    Str:  5    XL:     14   Next: 99%
Magic:  45/54      EV: 17    Int: 26    God:    Vehumet [*****.]
Gold:   663        SH:  2    Dex: 15    Spells: 7 memorised, 10 levels left

rFire  . . .     SeeInvis .     t - staff of power
rCold  . . .     Clarity  .     k - +2 leather armour {MR+}
rNeg   + . .     SustAt   .     (no shield)
rPois  +         Gourm    +     f - +2 helmet
rElec  .         Spirit   .     L - +1 cloak {+Inv}
rCorr  .         Warding  .     a - +2 pair of gloves {archery}
rMut   .         Stasis   .     X - +0 pair of boots of Miracles {rPois rN+ MP+9 Slay+2}
MR     ++...                    e - amulet of the gourmand
Stlth  +++.......               W - ring of stealth
                                s - ring of wizardry

@: swift (expiring), quick, very resistant to hostile enchantments, fairly
stealthy
A: large bone plates 1
a: Renounce Religion, Evoke Invisibility


You were on level 1 of the Orcish Mines.
You worshipped Vehumet.
Vehumet was extremely pleased with you.
You were very full.

You visited 4 branches of the dungeon, and saw 22 of its levels.
You also visited: Bailey.

You collected 2332 gold pieces.
You spent 1669 gold pieces at shops.

Inventory:

Hand Weapons
 l - a +1 short sword of draining
 r - a +4 short sword of electrocution
Missiles
 b - 402 stones (quivered)
 z - 5 poisoned tomahawks
 R - 9 throwing nets
Armour
 a - a +2 pair of gloves of archery (worn)
 f - a +2 helmet (worn)
 k - a +2 leather armour of magic resistance (worn)
 L - a +1 cloak of invisibility (worn)
 X - the +0 pair of boots of Miracles (worn) {rPois rN+ MP+9 Slay+2}
   (You bought it in a shop on level 5 of the Dungeon)

   It affects your accuracy and damage with ranged weapons and melee attacks
   (+2).
   It protects you from poison.
   It protects you from negative energy.
   It affects your magic capacity (+9).
Magical Staves
 t - an uncursed staff of power (weapon)
 I - an uncursed staff of summoning
Jewellery
 e - an amulet of the gourmand (around neck)
 s - a ring of wizardry (left hand)
 u - an uncursed ring of protection from cold
 A - an uncursed ring of ice
 E - an uncursed ring of teleportation
 H - an uncursed amulet of resist corrosion
 W - a ring of stealth (right hand)
Wands
 g - a wand of teleportation (2)
 q - a wand of disintegration (6)
 K - a wand of teleportation (5)
 T - a wand of paralysis (13)
Scrolls
 h - a scroll of enchant armour
 w - a scroll of recharging
 G - 11 scrolls of teleportation
 J - 3 scrolls of remove curse
 V - 5 scrolls of identify
Potions
 i - 3 potions of resistance
 j - 4 potions of curing
 m - 2 potions of agility
 o - 3 potions of haste
 p - 3 potions of magic
 B - 3 potions of brilliance
 C - a potion of flight {unknown}
 D - a potion of heal wounds
Miscellaneous
 n - a crystal ball of energy
 y - an ornate deck of defence
Comestibles
 c - 13 bread rations
 d - a beef jerky
 v - a slice of pizza
 x - 4 fruits


   Skills:
 + Level 11.3 Fighting
 - Level 6.0 Short Blades
 - Level 5.5 Armour
 - Level 10.1 Dodging
 - Level 2.4 Stealth
 * Level 10.3 Spellcasting
 - Level 9.4 Conjurations
 + Level 1.3 Translocations
 - Level 12.4 Fire Magic
 - Level 8.6 Air Magic
 - Level 10.0 Evocations


You had 10 spell levels left.
You knew the following spells:

 Your Spells              Type           Power        Failure   Level  Hunger
a - Flame Tongue          Conj/Fire      #####        1%          1    None
b - Conjure Flame         Conj/Fire      ######..     1%          3    None
c - Sticky Flame          Conj/Fire      ######..     1%          4    None
d - Fireball              Conj/Fire      ######....   1%          5    ####...
e - Swiftness             Chrm/Air       #####...     1%          2    None
f - Bolt of Fire          Conj/Fire      ######....   1%          6    #####..
g - Blink                 Tloc           N/A          4%          2    None


Dungeon Overview and Level Annotations

Branches:
Dungeon (10/15)            Temple (1/1) D:5            Lair (8/8) D:8
  Swamp (0/4) Lair:3       Spider (0/4) Lair:4        Slime (0/6) Lair:8
    Orc (3/4) D:10            Elf (0/3) Orc:3

Altars:
Ashenzari
Cheibriados
Dithmenos
Elyvilon
Fedhas
Gozag
Makhleb
Nemelex Xobeh
Okawaru
Qazlal
Ru
Sif Muna
Vehumet
Xom
Yredelemnul
Zin
The Shining One

Shops:
D:4 =%(:   D:5 }[**:

Annotations:
D:4 books blowgun
D:9 Dustman's ghost, journeyman HuGl
Orc:1 Snorg


Innate Abilities, Weirdness & Mutations

You are partially covered in large bone plates (AC +2, SH +2).


Message History

Snorg misses you.
There is a stone staircase leading up here.
Snorg bites you! Snorg barely misses you. Snorg claws you! Snorg bites you!
* * * LOW HITPOINT WARNING * * *
Snorg barely misses you. Snorg closely misses you.
You climb upwards.
You start to feel a little slower.
There is a stone staircase leading down here.
Drink which item? (? for menu, Esc to quit)
Okay, then.
Casting: Swiftness
Confirm with . or Enter, or press ? or * to list all spells.
You blink.
Casting: Blink
Confirm with . or Enter, or press ? or * to list all spells.
You blink.
Snorg bites you!
* * * LOW HITPOINT WARNING * * *
Snorg claws you!
You die...

##.......#...#####..##
#....[$##.....##....#
##...##)............# #
##....#.)............##
###.#...##..)...........###
.#................§.......##
#)......#......§...........#
................T.......#..#
##...#..........@...........#
###.###.#.##.#...###.##.##.##
### ########### #########


You could see Snorg (berserk).

Vanquished Creatures
  Maud (Lair:4)
  Nessos (Orc:3)
  12 hydras
  Erolcha (Orc:3)
  A catoblepas (Lair:6)
  Erica (D:8)
  An oklob plant (Lair:7)
  4 griffons
  9 black mambas
  17 elephants
  Maurice (Orc:3)
  20 spiny frogs
  4 fire drakes
  7 komodo dragons
  A queen bee (Lair:1)
  A spriggan druid (Lair:8)
  9 polar bears
  A two-headed ogre (D:9)
  13 blink frogs
  5 trolls
  3 slime creatures
  11 spriggans
  2 boulder beetles
  4 trapdoor spiders (Lair:4)
  A deep elf mage (D:10)
  Sigmund (D:4)
  6 redbacks
  59 yaks
  A soldier ant (D:8)
  A basilisk (Lair:5)
  5 humans (Lair:5)
  8 hippogriffs
  20 wolves
  Edmund (D:6)
  2 spiders (D:8)
  5 wasps
  14 porcupines
  4 sky beasts
  8 black bears
  17 water moccasins
  11 ogres
  2 ice beasts
  2 phantoms
  16 crocodiles
  4 big kobolds (D:10)
  11 orc warriors
  5 centaurs
  Blork the orc (D:5)
  14 giant frogs
  A wyvern zombie (D:9)
  10 gnoll sergeants
  A scorpion (D:5)
  35 killer bees
  4 wights (D:8)
  2 crimson imps
  6 gnoll shamans (Bailey)
  A jelly (Lair:8)
  2 giant frog skeletons
  A giant frog zombie (D:5)
  Ijyb (Lair:5)
  16 orc priests
  11 hounds
  20 orc wizards
  2 quasits
  5 worker ants
  14 iguanas
  A killer bee zombie (D:5)
  36 sheep
  A hound zombie (D:5)
  A worker ant zombie (D:6)
  27 river rats
  7 adders
  26 gnolls
  2 oozes
  3 worms
  2 adder skeletons
  4 giant geckos
  103 orcs
  7 bats
  11 goblins
  2 hobgoblins (D:3)
  21 jackals
  3 quokkas
  2 ball pythons
  4 giant cockroaches
  4 giant newts
  A jackal zombie (D:5)
  13 kobolds
  8 rats
  5 fungi
  8 plants
783 creatures vanquished.

Vanquished Creatures (others)
  48 fungi
  17 plants
65 creatures vanquished.

Grand Total: 848 creatures vanquished

Notes
Turn   | Place    | Note
--------------------------------------------------------------
     0 | D:1      | septik the Deep Elf Fire Elementalist began the quest for the Orb.
     0 | D:1      | Reached XP level 1. HP: 10/10 MP: 6/6
   272 | D:1      | Reached XP level 2. HP: 15/15 MP: 0/8
   910 | D:2      | Reached skill level 4 in Fire Magic
  1178 | D:2      | Reached XP level 3. HP: 19/19 MP: 6/9
  1184 | D:2      | Learned a level 3 spell: Conjure Flame
  1982 | D:3      | Reached XP level 4. HP: 24/24 MP: 5/10
  2119 | D:3      | Learned a level 4 spell: Sticky Flame
  2537 | D:4      | Reached skill level 5 in Fire Magic
  2537 | D:4      | Reached XP level 5. HP: 28/28 MP: 4/11
  2701 | D:4      | Noticed an ogre
  2706 | D:4      | Killed an ogre
  2984 | D:4      | Found Vemutup's Book Shop.
  3002 | D:4      | Found Kemp's Antique Weapon Shop.
  3014 | D:4      | Noticed Sigmund
  3136 | D:3      | Reached skill level 5 in Conjurations
  3136 | D:3      | Reached XP level 6. HP: 9/32 MP: 0/12
  3470 | D:4      | Found Qovapp's Jewellery Shop.
  3507 | D:4      | Found Kacim's Food Emporium.
  4150 | D:5      | Entered Level 5 of the Dungeon
  4150 | D:5      | Found Nuokum Ewken's Assorted Antiques.
  4167 | D:5      | Bought a scroll of remove curse for 87 gold pieces
  4304 | D:5      | Reached skill level 6 in Fire Magic
  4344 | D:5      | Noticed Blork the orc
  4439 | D:5      | Reached XP level 7. HP: 36/36 MP: 1/13
  4584 | D:5      | Found a shattered altar of Ashenzari.
  4976 | D:5      | Reached skill level 7 in Conjurations
  5326 | D:5      | Found Yfeid's General Store.
  5447 | D:5      | Found Netzat's Gadget Boutique.
  5527 | D:5      | Killed Blork the orc
  5537 | D:5      | Reached XP level 8. HP: 37/41 MP: 0/16
  5544 | D:5      | Learned a level 5 spell: Fireball
  5657 | D:5      | Found Iteynlie's Armour Shop.
  5939 | D:5      | Found a staircase to the Ecumenical Temple.
  5951 | Temple   | Entered the Ecumenical Temple
  6051 | Temple   | Became a worshipper of Vehumet
  6076 | D:5      | Found Basitin's Book Emporium.
  6355 | D:6      | Reached skill level 8 in Conjurations
  6554 | D:6      | Reached skill level 5 in Spellcasting
  6565 | D:6      | Noticed Edmund
  6607 | D:6      | Killed Edmund
  6859 | D:6      | Noticed a troll
  6867 | D:6      | Killed a troll
  7212 | D:6      | Reached XP level 9. HP: 19/45 MP: 6/20
  7217 | D:6      | Reached skill level 9 in Conjurations
  7412 | D:6      | Gained mutation: You are partially covered in large bone plates (AC +2, SH +2). [potion of beneficial mutation]
  7824 | D:7      | Reached * piety under Vehumet
  7824 | D:7      | Offered knowledge of Magic Dart by Vehumet.
  8219 | D:7      | Reached skill level 1 in Evocations
  8260 | D:7      | Found a sacrificial altar of Ru.
  8266 | D:7      | Reached skill level 1 in Fighting
  8266 | D:7      | Reached skill level 1 in Short Blades
  8316 | D:7      | Reached skill level 1 in Armour
  8709 | D:5      | Bought the cursed +0 pair of boots of Miracles {rPois rN+ MP+9 Slay+2} for 354 gold pieces
  8769 | D:8      | Found a flagged portal.
  8811 | Bailey   | Entered a bailey
  9168 | Bailey   | Reached ** piety under Vehumet
  9294 | Bailey   | Offered knowledge of Throw Frost by Vehumet.
  9487 | Bailey   | Reached XP level 10. HP: 41/54 MP: 4/21
  9807 | Bailey   | Learned a level 2 spell: Swiftness
 10143 | D:8      | Noticed Erica
 10592 | D:8      | Reached skill level 1 in Air Magic
 11016 | D:8      | Found a staircase to the Lair.
 11171 | Lair:1   | Entered Level 1 of the Lair of Beasts
 11224 | Lair:1   | Noticed a six-headed hydra
 11278 | Lair:1   | Reached skill level 10 in Fire Magic
 11318 | Lair:1   | Offered knowledge of Stone Arrow by Vehumet.
 11358 | Lair:1   | Got a fine ring mail
 11369 | Lair:1   | Identified the +2 ring mail of Awe {rN++ Dex+3} (You found it on level 1 of the Lair of Beasts)
 12503 | D:4      | Bought an uncursed amulet of the gourmand for 390 gold pieces
 12575 | D:4      | Killed Sigmund
 12789 | D:8      | Killed Erica
 12955 | Lair:1   | Killed a six-headed hydra
 12955 | Lair:1   | Reached skill level 5 in Short Blades
 12955 | Lair:1   | Reached XP level 11. HP: 60/62 MP: 11/22
 13124 | Lair:1   | Reached *** piety under Vehumet
 13138 | Lair:1   | Reached skill level 5 in Evocations
 13292 | Lair:1   | Reached skill level 5 in Dodging
 13345 | Lair:1   | Offered knowledge of Fulminant Prism by Vehumet.
 13888 | Lair:2   | Reached skill level 5 in Fighting
 14383 | Lair:3   | Noticed a four-headed hydra
 14388 | Lair:3   | Killed a four-headed hydra
 14401 | Lair:3   | Reached **** piety under Vehumet
 14622 | Lair:2   | Reached skill level 5 in Armour
 14890 | Lair:3   | Offered knowledge of Venom Bolt by Vehumet.
 15053 | Lair:3   | Found a staircase to the Swamp.
 15709 | Lair:3   | Reached XP level 12. HP: 69/69 MP: 20/23
 16277 | Lair:4   | Noticed Maud
 16288 | Lair:4   | Killed Maud
 16288 | Lair:4   | Reached skill level 11 in Fire Magic
 16619 | Lair:4   | Noticed a four-headed hydra
 16629 | Lair:4   | Killed a four-headed hydra
 16921 | Lair:4   | Found a hole to the Spider Nest.
 16933 | Lair:4   | Reached ***** piety under Vehumet
 16933 | Lair:4   | Offered knowledge of Olgreb's Toxic Radiance by Vehumet.
 17368 | Lair:5   | Noticed a four-headed hydra
 17372 | Lair:5   | Killed a four-headed hydra
 17481 | Lair:5   | Reached skill level 5 in Air Magic
 17672 | Lair:5   | Noticed a four-headed hydra
 17680 | Lair:5   | Killed a four-headed hydra
 18452 | Lair:5   | Noticed Ijyb
 18457 | Lair:5   | Killed Ijyb
 18534 | Lair:5   | Noticed a four-headed hydra
 18889 | Lair:5   | Killed a four-headed hydra
 18889 | Lair:5   | Reached XP level 13. HP: 76/76 MP: 9/24
 19521 | Lair:6   | Offered knowledge of Lightning Bolt by Vehumet.
 20451 | Lair:6   | Reached skill level 10 in Evocations
 21300 | Lair:7   | Identified a scroll of acquirement
 21301 | Lair:7   | Got a transparent ivory amulet
 21303 | Lair:7   | Identified the amulet "Immur" {Regen+ Int+3} (You acquired it on level 7 of the Lair of Beasts)
 22508 | Lair:8   | Entered Level 8 of the Lair of Beasts
 22546 | Lair:8   | Reached skill level 12 in Fire Magic
 23861 | Lair:7   | Reached XP level 14. HP: 25/86 MP: 10/25
 24258 | Lair:8   | Found a staircase to the Slime Pits.
 24660 | Lair:8   | Reached skill level 10 in Dodging
 24990 | Lair:8   | Offered knowledge of Bolt of Fire by Vehumet.
 25000 | Lair:7   | Learned a level 6 spell: Bolt of Fire
 25140 | Lair:8   | Reached skill level 10 in Fighting
 28804 | Lair:7   | Offered knowledge of Freezing Cloud by Vehumet.
 29533 | D:9      | Noticed Dustman's ghost (journeyman HuGl)
 30034 | D:10     | Entered Level 10 of the Dungeon
 30669 | D:10     | Found a staircase to the Orcish Mines.
 31082 | D:4      | Bought a cursed ring of teleportation for 188 gold pieces
 31222 | Lair:1   | Learned a level 2 spell: Blink
 31353 | Orc:1    | Entered Level 1 of the Orcish Mines
 31628 | D:4      | Bought an uncursed ring of protection from cold for 325 gold pieces
 31628 | D:4      | Bought an uncursed ring of ice for 325 gold pieces
 32238 | Orc:3    | Noticed Erolcha
 32241 | Orc:3    | Noticed Nessos
 32241 | Orc:3    | Killed Erolcha
 32244 | Orc:3    | Killed Nessos
 32244 | Orc:3    | Reached skill level 10 in Spellcasting
 32244 | Orc:3    | Reached skill level 1 in Translocations
 32844 | Orc:3    | Noticed Maurice
 32849 | Orc:3    | Killed Maurice
 32977 | Orc:3    | Found a staircase to the Elven Halls.
 33261 | Orc:2    | Offered knowledge of Delayed Fireball by Vehumet.
 33541 | Orc:2    | Noticed Snorg
 33616 | Orc:1    | Slain by Snorg

Action                   |  1- 3 |  4- 6 |  7- 9 | 10-12 | 13-15 || total
-------------------------+-------+-------+-------+-------+-------++-------
Melee: Unarmed           |     1 |       |       |       |       ||     1
       Short sword       |       |    11 |     8 |    99 |   164 ||   282
       Whip              |       |       |    25 |    21 |       ||    46
       Staff             |       |       |       |       |    50 ||    50
 Fire: Hunting sling     |       |       |     1 |       |       ||     1
Throw: Stone             |     7 |     1 |     8 |    16 |     4 ||    36
       Tomahawk          |       |       |       |     2 |       ||     2
 Cast: Flame Tongue      |    74 |   112 |   312 |   471 |   369 ||  1338
       Sticky Flame      |       |     1 |    12 |    86 |   108 ||   207
       Conjure Flame     |       |     5 |    20 |    28 |     2 ||    55
       Fireball          |       |       |    10 |    70 |   172 ||   252
       Swiftness         |       |       |       |     3 |    11 ||    14
       Bolt of Fire      |       |       |       |       |   119 ||   119
       Blink             |       |       |       |       |     2 ||     2
Evoke: Wand              |       |       |       |       |     1 ||     1
  Use: Scroll            |     4 |     2 |     9 |     9 |    16 ||    40
       Potion            |       |       |     3 |       |     1 ||     4
  Eat: Chunk             |     3 |     6 |    13 |    62 |   125 ||   209
       Bread ration      |       |     1 |     1 |       |     1 ||     3
